 Dungeon Crawl Stone Soup version 0.31.0-12-g77e489cdc1 (webtiles) character file.

Game seed: 14054897561700906986

13 kimikx the Poker (level 2, -2/24 HPs)
             Began as a Human Berserker on Mar 3, 2024.
             Was a Follower of Trog.
             Slain by a cerulean imp
             ... wielding a +2 spear
             ... summoned by Natasha
              (3 damage)
             ... on level 2 of the Dungeon.
             The game lasted 00:05:49 (455 turns).

kimikx the Poker (Human Berserker)                   Turns: 455, Time: 00:05:49

Health: -2/24      AC:  6    Str: 17    XL:     2   Next: 37%
Magic:  2/2        EV: 10    Int:  7    God:    Trog [*.....]
Gold:   18         SH:  0    Dex: 12    Spells: 1/1 levels left

rFire   . . .        j - +0 whip
rCold   . . .        (no shield)
rNeg    . . .        e - +0 scale mail
rPois   .            (no helmet)
rElec   .            (no cloak)
rCorr   .            (no gloves)
SInv    .            (no boots)
Will    .....        (no amulet) Stlth
                     (no ring)
HPRegen 0.24/turn    (no ring)
MPRegen 0.08/turn

%: no passive effects
@: no status effects
A: explore regen
a: Renounce Religion, Berserk


You were on level 2 of the Dungeon.
You worshipped Trog.
Trog was aware of your devotion.
You visited 1 branch of the dungeon, and saw 2 of its levels.

You collected 18 gold pieces.

Inventory:

Hand Weapons
 a - a +0 spear
 d - a +0 dagger
 j - a +0 whip (weapon)
Missiles
 c - 26 stones (quivered)
Armour
 b - a +0 animal skin
 e - a +0 scale mail (worn)
Scrolls
 f - a scroll of identify {unknown}
 g - a scroll of blinking {unknown}
Potions
 h - a potion of cancellation {unknown}
 i - a potion of mutation {unknown}


   Skills:
 + Level 3.1 Fighting
 + Level 3.3 Polearms
 + Level 2.2 Armour
 + Level 2.0 Dodging
 + Level 0.1 Stealth


You had one spell level left.
You didn't know any spells.
Your spell library contained the following spells:

 Spells                   Type           Power      Damage    Failure   Level
 Foxfire                  Conj/Fire      0%         2x1d4     85%         1
 Cigotuvi's Dreadful Rot  Necr/Alch/Air  0%         N/A       94%         2
 Anguish                  Hex/Necr       0%         N/A       100%        4
 Sticky Flame             Fire/Alch      0%         2d4       100%        4


Dungeon Overview and Level Annotations

Branches:
Dungeon (2/15)

Altars:

Annotations:
D:2 Natasha


Innate Abilities, Weirdness & Mutations

You regain HP and MP as you explore.


Message History

You kill the frilled lizard!
Trog accepts your kill.
Things that are here:
a +0 dagger; a goblin corpse HP restored.
Things that are here:
a +0 dagger; a goblin corpse A bat comes into view.
Found 11 gold pieces.
The bat misses you.
You hit the bat.
The bat is severely wounded.
The bat hits you but does no damage. The bat barely misses you.
You barely miss the bat.
The bat is severely wounded.
The bat hits you but does no damage. The bat completely misses you.
The bat hits you but does no damage.
Natasha, Servant of Life and Death comes into view.
Natasha hisses angrily.
The bat barely misses you.
Natasha casts a spell.
You hit the bat.
You kill the bat!
Trog accepts your kill.
Found a pair of boots.
Natasha claws you but does no damage. The cerulean imp barely misses you.
You completely miss Natasha. Natasha claws you!
The cerulean imp hits you from afar with a +2 spear.
You closely miss Natasha. Natasha claws you but does no damage.
The cerulean imp hits you from afar with a +2 spear.
You barely miss Natasha. Natasha claws you.
* * * LOW HITPOINT WARNING * * *
The cerulean imp hits you but does no damage.
Natasha casts a spell at you. The magic dart hits you.
* * * LOW HITPOINT WARNING * * *
You hit Natasha.
Natasha is moderately wounded.
The cerulean imp hits you from afar with a +2 spear.
You die...

#..[.......# #..........#
..........# #########
#........# #........
##........## #........
#....5.....# #........
##....h.....# #........
##.....@.....# #.†......
##........$...###.<†...).
#..#...†.................
...............###.......)
.###.........### ###.#####
###...##### ##.# ###...##
###..# ###..## ##...##
##..###..###


You could see Natasha and a cerulean imp (summoned).

Vanquished Creatures
  A ball python (D:1)
  A giant cockroach (D:2)
  3 goblins
  2 bats
  2 frilled lizards
  3 kobolds (D:1)
  A rat (D:2)
13 creatures vanquished.

Notes
Turn   | Place    | Note
-------+----------+-------------------------------------------
     0 | D:1      | kimikx the Human Berserker began the quest for the Orb.
     0 | D:1      | Reached XP level 1. HP: 18/18 MP: 1/1
   219 | D:1      | Got Birhour's Volume of Sweltering Shades
   313 | D:1      | Reached XP level 2. HP: 21/24 MP: 2/2
   447 | D:2      | Noticed Natasha
   454 | D:2      | HP: 1/24 [Natasha/magic dart (5)]
   455 | D:2      | Slain by a cerulean imp

Illustrated notes

Levels and vault maps discovered:
D:1:      roderic_crop_circles_arrival_small, layout_loops_ring
D:2:      layout_rooms, basic_altar, chequers_ecumenical_altar_island,
          uniq_natasha

Action                     || total
---------------------------++-------
  Melee: Spear             ||    18
         Whip              ||    23
 Armour: Animal skin       ||    11
         Scale mail        ||    25
  Dodge: Dodged            ||    17
